 Dungeon Crawl Stone Soup version 0.29-a0-775-g4d7333d4e2 (webtiles) character file.

Game seed: 2174117532126669283

618 kevlar127 the Ruffian (level 7, -1/71 HPs)
             Began as a Troll Berserker on July 1, 2022.
             Was a Priest of Trog.
             Slain by an iguana (7 damage)
             ... on level 6 of the Dungeon.
             The game lasted 00:08:27 (4247 turns).

kevlar127 the Ruffian (Troll Berserker)             Turns: 4247, Time: 00:08:28

Health: -1/71      AC:  5    Str: 28    XL:     7   Next: 21%
Magic:  6/6        EV: 10    Int:  3    God:    Trog [***...]
Gold:   159        SH:  0    Dex:  9    Spells: 6/6 levels left

rFire   . . .      SeeInvis .     - Unarmed
rCold   . . .      Faith    .   (no shield)
rNeg    . . .      Spirit   .   a - +0 animal skin
rPois   .          Reflect  .   (helmet restricted)
rElec   .          Harm     .   y - +0 cloak
rCorr   +          Rampage  .   (gloves unavailable)
Will    +....                   (boots unavailable)
Stlth   +.........              x - amulet of the acrobat
HPRegen 1.01/turn               j - ring of resist corrosion
MPRegen 0.10/turn               w - ring of willpower

@: no status effects
A: large, unfitting armour, claws 3, regeneration 1, shaggy fur 1, tough skin 1
a: Renounce Religion, Berserk, Trog's Hand


You were on level 6 of the Dungeon.
You worshipped Trog.
Trog was most pleased with you.
You visited 1 branch of the dungeon, and saw 6 of its levels.

You collected 159 gold pieces.

Inventory:

Missiles
 o - 20 stones (quivered)
 u - 2 boomerangs
Armour
 a - a +0 animal skin (worn)
 y - a +0 cloak (worn)
Jewellery
 j - a ring of resist corrosion (left claw)
 w - a ring of willpower (right claw)
 x - an amulet of the acrobat (around neck)
Wands
 m - a wand of quicksilver (10)
 v - a wand of iceblast (7)
Scrolls
 c - 3 scrolls of poison {unknown}
 d - 5 scrolls of identify {unknown}
 g - a scroll of blinking {unknown}
 h - a scroll of silence {unknown}
 i - a scroll of noise {unknown}
 l - 3 scrolls of teleportation {unknown}
 r - 2 scrolls of enchant weapon {unknown}
Potions
 b - 2 potions of mutation {unknown}
 e - a potion of curing {unknown}
 f - 3 potions of magic {unknown}
 k - 2 potions of flight {unknown}
 n - 3 potions of heal wounds {unknown}
 p - a potion of invisibility
 q - 2 potions of berserk rage {unknown}
 s - a potion of ambrosia {unknown}
 t - a potion of resistance {unknown}


   Skills:
 * Level 4.4 Fighting
 + Level 0.2 Throwing
 - Level 4.3 Dodging
 * Level 5.4 Unarmed Combat


You had 6 spell levels left.
You didn't know any spells.
Your spell library was empty.

Dungeon Overview and Level Annotations

Branches:
Dungeon (6/15)             Temple (0/1) D:4

Altars:
Ashenzari
Elyvilon
Fedhas
Xom

Annotations:
D:6 Blork the orc


Innate Abilities, Weirdness & Mutations

You are too large for most types of armour.
You have claws for hands.
Your natural rate of healing is unusually fast.
You are covered in fur. (AC +1)
You have tough skin. (AC +1)


Message History

The bullfrog hits you.
The bullfrog hits you but does no damage.
The jelly barely misses you.
The gnoll hits you from afar with a +0 spear.
The white imp sputters.
Blork the orc hits you but does no damage.
The bullfrog hits you but does no damage.
You claw the jelly!
You kill the jelly!
Trog accepts your kill. The bullfrog closely misses you.
Blork the orc points at you and mumbles some strange words.
The puff of frost hits you.
The bullfrog hits you but does no damage.
An orc comes into view. It is wielding a +0 war axe.
An orc warrior comes into view. It is wielding a +0 trident.
You closely miss the iguana.
The orc shouts!
The bullfrog closely misses you. Blork the orc barely misses you.
The bullfrog hits you but does no damage.
The iguana bites you but does no damage.
The bullfrog misses you.
Blork the orc hits you from afar with a +2 halberd of protection!
You barely miss the iguana. The bullfrog closely misses you.
The bullfrog misses you. Blork the orc barely misses you.
The bullfrog hits you. The hound bites you.
An adder comes into view.
The white imp summons a swarm of flies.
The iguana misses you.
You barely miss the iguana. The bullfrog closely misses you.
Blork the orc hits you from afar with a +2 halberd of protection!
* * * LOW HITPOINT WARNING * * *
The bullfrog hits you.
* * * LOW HITPOINT WARNING * * *
The hound bites you.
* * * LOW HITPOINT WARNING * * *
The iguana bites you.
* * * LOW HITPOINT WARNING * * *
The iguana attacks as you move away! The iguana bites you!
You die...

.# .#. .#.
..#[#..# ..
...#....##.#
.........
#..g#....
#.#H5#.#
...#.oFF.#
.S.o.9l@.#
.#####h#.#
...#<#
#####.....#
#..?..#
##...## #.##
.# .#


You could see a manticore, Blork the orc (fast), a gargoyle, 2 bullfrogs, an
iguana, a hound, a gnoll, an adder, a white imp and an orc.

Vanquished Creatures
  A scorpion (D:5)
  A howler monkey (D:5)
  2 hounds (D:5)
  A jelly (D:6)
  2 orc priests (D:5)
  Crazy Yiuf (D:5)
  Ijyb (D:3)
  Natasha (thrice) (D:3)
  Terence (D:3)
  2 iguanas
  6 adders
  2 ufetubi
  2 worms (D:2)
  A dart slug (D:2)
  11 orcs
  9 ball pythons
  6 endoplasms
  5 giant cockroaches
  6 hobgoblins
  8 jackals
  3 quokkas
  2 bats
  4 frilled lizards
  4 goblins
  8 kobolds
  2 rats (D:1)
94 creatures vanquished.

Notes
Turn   | Place    | Note
-------+----------+-------------------------------------------
     0 | D:1      | kevlar127 the Troll Berserker began the quest for the Orb.
     0 | D:1      | Reached XP level 1. HP: 22/22 MP: 0/0
   122 | D:1      | Reached XP level 2. HP: 29/29 MP: 1/1
   355 | D:1      | Reached ** piety under Trog
   613 | D:2      | Reached XP level 3. HP: 36/36 MP: 2/2
   660 | D:2      | Found a faded altar of an unknown god.
   880 | D:2      | Found a blossoming altar of Fedhas.
   976 | D:2      | Reached XP level 4. HP: 27/45 MP: 3/3
  1328 | D:3      | Noticed Natasha
  1338 | D:3      | Killed Natasha
  1339 | D:3      | Reached skill level 4 in Unarmed Combat
  1572 | D:3      | Noticed Terence
  1582 | D:3      | Killed Terence
  1611 | D:3      | Noticed Natasha
  1614 | D:3      | Killed Natasha
  1615 | D:3      | Reached XP level 5. HP: 53/53 MP: 4/4
  1679 | D:3      | Noticed Natasha
  1698 | D:3      | Killed Natasha
  2058 | D:3      | Noticed Ijyb
  2068 | D:3      | Killed Ijyb
  2706 | D:4      | Found a staircase to the Ecumenical Temple.
  3181 | D:4      | Reached XP level 6. HP: 62/62 MP: 5/5
  3391 | D:5      | Entered Level 5 of the Dungeon
  3403 | D:5      | Reached *** piety under Trog
  3511 | D:5      | Found a broken altar of Ashenzari.
  3560 | D:5      | Found a white marble altar of Elyvilon.
  3668 | D:5      | Reached skill level 5 in Unarmed Combat
  3844 | D:5      | Reached XP level 7. HP: 70/71 MP: 6/6
  3910 | D:5      | Found a runed translucent door.
  3911 | D:5      | Noticed Crazy Yiuf
  3986 | D:5      | Found a shimmering altar of Xom.
  4204 | D:5      | Killed Crazy Yiuf
  4236 | D:6      | Noticed Blork the orc
  4237 | D:6      | Noticed a manticore
  4239 | D:6      | Noticed a gargoyle
  4247 | D:6      | Slain by an iguana

Illustrated notes

Levels and vault maps discovered:
D:1:      dpeg_arrival_connections, layout_loops_ring
D:2:      layout_rooms, basic_altar,
          dreamdust_ecumenical_altar_hidden_monk_grotto,
          ebering_dispersal_statue_hall, minmay_misc_feat_rugged
D:3:      layout_basic, minmay_misc_feat_more_columns, hangedman_glass_teeth,
          uniq_terence, uniq_ijyb, uniq_natasha
D:4:      layout_basic, minmay_temple_entry_arrows
D:5:      layout_cave_pools, nicolae_elyvilon_temple_path,
          mainiacjoe_overflow_six_doors_small, overflow_temple_1_default,
          minmay_statues_item, uniq_crazy_yiuf_cottage
D:6:      cheibrodos_fzero, layout_loops_ring, mainiacjoe_overflow_two_lobes,
          uniq_blork_the_orc, uniq_menkaure

Skill      XL: |  1  2  3  4  5  6 |
---------------+-------------------+-----
Dodging        | 3 4 |  4.3
Fighting       | 3 4 |  4.4
Unarmed Combat | 4 5 |  5.4
Throwing       | |  0.2

Action                   |  1- 3 |  4- 6 |  7- 9 || total
-------------------------+-------+-------+-------++-------
Melee: Unarmed           |   141 |   147 |    15 ||   303
       Punch             |     3 |     2 |       ||     5
Invok: Berserk           |       |     1 |       ||     1
       Trog's Hand       |       |     1 |       ||     1
Armor: Animal skin       |    35 |    32 |    10 ||    77
Dodge: Dodged            |    67 |    70 |    13 ||   150

Table legend: (Time is in decaauts)
 A = Elapsed time spent in this place.
 B = Non-inter-level travel time spent in this place.
 C = Inter-level travel time spent in this place.
 D = Time resting spent in this place.
 E = Time spent auto-exploring this place.
 F = Levels seen in this place.
 G = Mean time per level.
                   A        B        C        D        E       F      G
               +--------+--------+--------+--------+--------+-----+--------+
         Total |   4242 |   4118 |    124 |    587 |   2894 |   6 |  707.0 |
       Dungeon |   4242 |   4118 |    124 |    587 |   2894 |   6 |  707.0 |
               +--------+--------+--------+--------+--------+-----+--------+

Top non-repeatable levels by time:
     D:3: 1371 daAuts
     D:5: 837 daAuts
     D:4: 787 daAuts
     D:2: 649 daAuts
     D:1: 584 daAuts
     D:6: 11 daAuts
